 Dungeon Crawl Stone Soup version 0.19-a0-1654-g9d3f708 (webtiles) character file.

389 Alarkh the Grave Robber (level 6, -3/41 HPs)
             Began as a Mummy Necromancer on Sept 20, 2016.
             Slain by a crimson imp (4 damage)
             ... on level 5 of the Dungeon.
             The game lasted 00:04:08 (2686 turns).

Alarkh the Grave Robber (Mummy Necromancer)         Turns: 2686, Time: 00:04:09

Health: -3/41      AC:  3    Str: 11    XL:     6   Next: 49%
Magic:  22/22      EV: 12    Int: 18    God:
Gold:   267        SH:  0    Dex: 13    Spells: 3 memorised, 6 levels left

rFire  x . .     SeeInvis .     w - +0 flail
rCold  + . .     Gourm    .     a - +0 robe
rNeg   + + +     Faith    .     (no shield)
rPois  ∞         Spirit   .     c - +0 helmet
rElec  .         Dismiss  .     (no cloak)
rCorr  .         Reflect  .     (no gloves)
MR     .....     Harm     .     (no boots)
Stlth  ++........               (no amulet)
                                i - ring of magical power
                                q - +2 ring of intelligence

@: no status effects
A: no food or potions, fire vulnerability, cold resistance 1, negative energy
resistance 3, torment resistance, unbreathing
a: no special abilities


You were on level 5 of the Dungeon.
You were not hungry.

You visited 1 branch of the dungeon, and saw 5 of its levels.

You collected 267 gold pieces.

Inventory:

Hand Weapons
 d - a +0 short sword
 w - a +0 flail (weapon)
Armour
 a - a +0 robe (worn)
 c - a +0 helmet (worn)
Jewellery
 h - an uncursed ring of wizardry
 i - a ring of magical power (right hand)
 q - a +2 ring of intelligence (left hand)
Scrolls
 e - a scroll of teleportation {unknown}
 f - a scroll of fear {unknown}
 g - a scroll of noise {unknown}
 j - a scroll of fog {unknown}
 k - a scroll of random uselessness {unknown}
 l - a scroll of recharging {unknown}
 m - 2 scrolls of amnesia {unknown}
 n - a scroll of magic mapping {unknown}
 o - a scroll of immolation {unknown}
 p - a scroll of identify {unknown}
Books
 b - a book of Necromancy

   Spells                             Type                      Level
   a - Pain                           Necromancy                   1
   b - Animate Skeleton               Necromancy                   1
   c - Vampiric Draining              Necromancy                   3
   d - Regeneration                   Charms/Necromancy            3
   e - Animate Dead                   Necromancy                   4
   f - Control Undead                 Necromancy                   4


   Skills:
 - Level 1.5 Dodging
 - Level 1.5 Stealth
 + Level 4.7 Spellcasting
 + Level 6.2 Necromancy


You had 6 spell levels left.
You knew the following spells:

 Your Spells              Type           Power        Failure   Level  Hunger
a - Pain                  Necr           ####         1%          1    N/A
b - Vampiric Draining     Necr           ####......   3%          3    N/A
c - Control Undead        Necr           ####......   14%         4    N/A

Dungeon Overview and Level Annotations

Branches:
Dungeon (5/15)
 Temple: D:4-7

Altars:
Qazlal
Sif Muna

Annotations:
D:3 removeelyvilon's ghost, amateur HuSu


Innate Abilities, Weirdness & Mutations

You do not eat or drink.
Your flesh is vulnerable to fire.
You are immune to poison.
Your flesh is cold resistant. (rC+)
You are immune to negative energy. (rN+++)
You are immune to unholy pain and torment.
You can survive without breathing.


Message History

* * * LOW HITPOINT WARNING * * *
The crimson imp hits you.
* * * LOW HITPOINT WARNING * * *
You miss the crimson imp. The crimson imp hits you.
* * * LOW HITPOINT WARNING * * *
You closely miss the crimson imp. The crimson imp hits you.
* * * LOW HITPOINT WARNING * * *
You sock the crimson imp!
The crimson imp is heavily wounded.
The crimson imp closely misses you. The crimson imp hits you.
* * * LOW HITPOINT WARNING * * *
You miss the crimson imp.
The crimson imp is moderately wounded.
The crimson imp hits you.
* * * LOW HITPOINT WARNING * * *
You sock the crimson imp!
The crimson imp is severely wounded.
The crimson imp shouts, "Escape, thou twisted weather-bitten bladder!"
The crimson imp hits you.
You die...

#................#
#.>..............#
###...)...<......#
###............#
####.........#
##..........##
#.............#
...>....5.....#
.........@...##
.............#
.............#
.............#
............#
##.........#
###.......#
###.....# ##....#


You could see a crimson imp.

Vanquished Creatures
  An ogre (D:4)
  A scorpion (D:3)
  2 hounds
  An orc priest (D:4)
  A bullfrog skeleton (D:4)
  Natasha (twice) (D:2)
  4 adders
  A worm (D:2)
  4 leopard geckos
  3 orcs (D:3)
  A ball python (D:2)
  4 bats
  A giant cockroach (D:1)
  8 goblins
  2 hobgoblins (D:2)
  5 jackals (D:4)
  2 kobolds (D:1)
  A quokka (D:2)
  6 frilled lizards
  3 rats (D:2)
53 creatures vanquished.

Notes
Turn   | Place    | Note
-------+----------+-------------------------------------------
     0 | D:1      | Alarkh the Mummy Necromancer began the quest for the Orb.
     0 | D:1      | Reached XP level 1. HP: 13/13 MP: 3/3
   255 | D:1      | Reached XP level 2. HP: 19/19 MP: 3/5
   641 | D:2      | Reached XP level 3. HP: 24/24 MP: 2/7
   646 | D:2      | Learned a level 3 spell: Vampiric Draining
   926 | D:2      | Noticed Natasha
   933 | D:2      | Killed Natasha
  1020 | D:2      | Reached XP level 4. HP: 22/30 MP: 8/8
  1178 | D:2      | Noticed Natasha
  1184 | D:2      | Killed Natasha
  1184 | D:2      | Reached skill level 5 in Necromancy
  1313 | D:3      | Noticed removeelyvilon's ghost (amateur HuSu)
  1338 | D:3      | Reached XP level 5. HP: 18/35 MP: 10/10
  1492 | D:2      | Learned a level 4 spell: Control Undead
  2259 | D:4      | Found a stormy altar of Qazlal.
  2259 | D:4      | Found a deep blue altar of Sif Muna.
  2326 | D:4      | Reached XP level 6. HP: 41/41 MP: 12/12
  2374 | D:4      | Reached skill level 6 in Necromancy
  2594 | D:5      | Entered Level 5 of the Dungeon
  2684 | D:5      | HP: 2/41 [crimson imp (2)]
  2686 | D:5      | Slain by a crimson imp

Vault maps used:
D:1:      ncdulo_lavacross
D:2:      first_bread, uniq_natasha
D:4:      gammafunk_temple_overflow_pools
D:5:      gup_sewer_entry_spiral

Skill      XL: |  1  2  3  4  5  6 |
---------------+-------------------+-----
Spellcasting   | 3 4 |  4.7
Necromancy     | 5 6 |  6.2
Dodging        | |  1.5
Stealth        | |  1.5

Action                   |  1- 3 |  4- 6 || total
-------------------------+-------+-------++-------
Melee: Short sword       |     1 |     5 ||     6
       Flail             |       |    63 ||    63
 Cast: Pain              |    51 |    58 ||   109
       Vampiric Draining |       |     9 ||     9
 Stab: Sleeping          |       |     1 ||     1
Armor: Robe              |     2 |    17 ||    19
Dodge: Dodged            |     6 |    66 ||    72
